 Dungeon Crawl Stone Soup version 0.22-a0-614-g34fbaa0 (webtiles) character file.

38 zishaf the Skirmisher (level 3, -2/33 HPs)
             Began as a Minotaur Abyssal Knight on July 20, 2018.
             Was a Follower of Lugonu.
             Slain by a wight
             ... wielding a +0 trident
              (3 damage)
             ... on level 2 of the Dungeon.
             The game lasted 00:03:57 (1330 turns).

zishaf the Skirmisher (Minotaur Abyssal Knight)     Turns: 1330, Time: 00:03:57

Health: -2/33      AC:  4    Str: 17    XL:     3   Next: 25%
Magic:  12/12      EV: 11    Int:  9    God:    Lugonu [*.....]
Gold:   57         SH:  0    Dex:  9    Spells: 2/2 levels left

rFire    + . .     SeeInvis .   a - +1 falchion
rCold    . . .     Gourm    .   (no shield)
rNeg     . . .     Faith    .   i - +1 leather armour {rF+}
rPois    +         Spirit   .   (helmet restricted)
rElec    .         Reflect  .   (no cloak)
rCorr    .         Harm     .   (no gloves)
MR       .....                  (no boots)
Stlth    +.........             (no amulet)
HPRegen  0.11/turn              d - ring of poison resistance
MPRegen  0.13/turn              b - ring of magical power (curse)

@: drained
A: retaliatory headbutt, horns 2
a: Depart the Abyss, Renounce Religion


You were on level 2 of the Dungeon.
You worshipped Lugonu.
Lugonu was aware of your devotion.
You were not hungry.

You visited 1 branch of the dungeon, and saw 2 of its levels.
You visited the Abyss 1 time.

You collected 57 gold pieces.

Inventory:

Hand Weapons
 a - a +1 falchion (weapon)
Armour
 i - a +1 leather armour of fire resistance (worn)
Jewellery
 b - a cursed ring of magical power (right hand)
 d - a ring of poison resistance (left hand)
 e - an uncursed ring of ice
Scrolls
 f - a scroll of amnesia {unknown}
 h - 2 scrolls of remove curse {unknown}
 j - a scroll of magic mapping {unknown}
 l - a scroll of identify {unknown}
Potions
 g - a potion of flight {unknown}
 k - a potion of heal wounds {unknown}
Comestibles
 c - 2 rations


   Skills:
 + Level 4.2(3.6) Fighting
 + Level 3.2(2.6) Long Blades
 + Level 3.2(2.6) Armour
 - Level 1.1(0.5) Dodging
 - Level 2.0(1.4) Invocations


You had 2 spell levels left.
You didn't know any spells.
Your spell library was empty.

Dungeon Overview and Level Annotations

Branches:
Dungeon (2/15)

Altars:
Ashenzari


Innate Abilities, Weirdness & Mutations

You reflexively headbutt those who attack you in melee.
You have a pair of horns on your head.


Message History

The wight barely misses you.
You riposte.
You hit the wight.
The wight is heavily damaged.
The wight misses you.
You riposte.
You barely miss the wight.
The wight is heavily damaged.
You barely miss the wight.
You headbutt the wight, but do no damage.
The wight is heavily damaged.
The wight hits you but does no damage.
You hit the wight but do no damage.
The wight is heavily damaged.
The wight hits you with a trident.
* * * LOW HITPOINT WARNING * * *
You hit the wight.
The wight is severely damaged.
The wight barely misses you.
You riposte.
You barely miss the wight.
The wight is severely damaged.
You closely miss the wight.
The wight is severely damaged.
The wight hits you with a trident.
You die...

#........#
##.########...[.
########.#
#......>..#..... #.#
#.........#..... #.#
###.........#..... #.#
#...z.......#..... #.#
###z#.........#...z. #.#
#.#z#......z..#.....
#.####.#z#....z....#.....
#......#@#...............
######.#.#########...####
#.....# #...# #.#.###
##### #.#.#
##########.#.#
.............#
##########.### #.# #####


You could see 3 wights.

Vanquished Creatures
  An ooze (D:2)
  A dart slug (D:1)
  A leopard gecko (D:2)
  A giant cockroach (D:2)
  6 goblins (D:1)
  3 hobgoblins (D:1)
  4 kobolds
  4 bats
  3 frilled lizards (D:1)
  8 rats
32 creatures vanquished.

Notes
Turn   | Place    | Note
-------+----------+-------------------------------------------
     0 | Abyss:1  | zishaf the Minotaur Abyssal Knight began the quest for the Orb.
     0 | Abyss:1  | Reached XP level 1. HP: 19/19 MP: 1/1
    82 | Abyss:2  | Found a corrupted altar of Lugonu.
   107 | Abyss:2  | Noticed a small abomination
   108 | D:1      | Escaped the Abyss
   451 | D:1      | Reached * piety under Lugonu
   466 | D:1      | Reached XP level 2. HP: 27/27 MP: 2/2
   638 | D:1      | Reached skill level 4 in Fighting
   920 | D:2      | Reached XP level 3. HP: 33/33 MP: 3/3
  1236 | D:2      | Found a shattered altar of Ashenzari.
  1328 | D:2      | HP: 1/33 [wight/trident (6)]
  1330 | D:2      | Slain by a wight

Vault maps used:
D:1:      dpeg_arrival_chase, minmay_bisected
D:2:      nicolae_overflow_hidden_temple, marbit_many_paths, due_unseen_surprise
Abyss:2:  eino_small_chamber_without_monster

Skill      XL: |  1  2 |
---------------+-------+-----
Invocations    | 2 |  2.0
Fighting       | 4 |  4.2
Long Blades    | 3 |  3.2
Armour         | 3 |  3.2
Dodging        | |  1.1

Action                   || total
-------------------------++-------
Melee: Falchion          ||    77
       Headbutt          ||     8
Invok: Depart the Abyss  ||     1
  Eat: Chunk             ||     1
Armor: Leather armour    ||    21
Dodge: Dodged            ||    48
       Rpst.: Falchion   ||    15

Table legend:
 A = Spawn XP
 B = Non-spawn XP
 C = Spawn XP percentage of total XP
 D = Spawn monster count
 E = Non-spawn monster count
 F = Spawn count percentage of total count
 G = Total turns spent on level
                    A         B        C        D         E        F      G
               +---------+---------+-------+---------+---------+-------+---------
         Total |       0 |      55 |   0.0 |       0 |      32 |   0.0 |  1330
               +---------+---------+-------+---------+---------+-------+---------
           D:1 |       0 |      39 |   0.0 |       0 |      25 |   0.0 |   809
           D:2 |       0 |      16 |   0.0 |       0 |       7 |   0.0 |   413
               +---------+---------+-------+---------+---------+-------+---------
